 Dungeon Crawl Stone Soup version 0.12.2-10-g0fb3e6e (webtiles) character file.

199 Kigal the Gusty (level 4, 0/24 HPs)
             Began as a Tengu Air Elementalist on July 5, 2013.
             Slain by Fruitarian's ghost (7 damage)
             ... on Level 3 of the Dungeon.
             The game lasted 00:23:46 (2747 turns).

Kigal the Gusty (Tengu Air Elementalist)            Turns: 2747, Time: 00:23:46

HP   0/24        AC  4     Str  9      XL: 4   Next: 55%
MP   3/9         EV 12     Int 16      God:
Gold 110         SH  0     Dex 14      Spells:  3 memorised,  1 level left

Res.Fire  : . . .   See Invis. : .   t - +2,+1 elf dagger (venom)
Res.Cold  : . . .   Warding    : .   m - +0 elf leather armour
Life Prot.: . . .   Conserve   : .   (no shield)
Res.Poison: +       Res.Corr.  : .   (helmet restricted)
Res.Elec. : .       Clarity    : +   (no cloak)
Sust.Abil.: . .     Spirit.Shd : .   w - +0 pair of gauntlets
Res.Mut.  : .       Stasis     : .   (boots unavailable)
Res.Rott. : .       Ctrl.Telep.: .   d - amulet of clarity {unknown}
Saprovore : . . .   Flight     : .   q - ring of poison resistance {unknown}
                                     o - ring of invisibility

@: about to teleport, slightly resistant to hostile enchantments, fairly
stealthy
A: beak, talons 3
a: Evoke Invisibility


You were on level 3 of the Dungeon.
You were not hungry.

You visited 1 branch of the dungeon, and saw 3 of its levels.

You collected 90 gold pieces.

Inventory:

Hand weapons
 e - a +4,+2 mace
 t - a +2,+1 elven dagger of venom (weapon)
Missiles
 k - 13 silver darts (quivered)
Armour
 a - a +0 robe
 m - a +0 elven leather armour (worn)
 w - a +0 pair of gauntlets (worn)
Comestibles
 c - 2 bread rations
 j - 2 meat rations
 x - 11 strawberries
Scrolls
 f - 4 scrolls of remove curse {unknown}
 g - a scroll of curse jewellery {unknown}
 h - 6 scrolls of teleportation
 l - 2 scrolls of identify
 p - 3 scrolls of recharging {unknown}
 y - a scroll of enchant weapon I {unknown}
 A - a scroll of magic mapping {unknown}
Jewellery
 d - an amulet of clarity (around neck) {unknown}
 o - a ring of invisibility (left hand)
 q - a ring of poison resistance (right hand) {unknown}
Potions
 i - a potion of might
 n - a potion of curing {unknown}
 r - a potion of paralysis {unknown}
 s - 2 potions of heal wounds
 u - a potion of speed {unknown}
 z - a potion of slowing {unknown}
Books
 b - a book of Air

   Spells                             Type                      Level
   *Shock                             Conjuration/Air              1
   Swiftness                          Charms/Air                   2
   *Repel Missiles                    Charms/Air                   2
   Flight                             Charms/Air                   3
   *Static Discharge                  Conjuration/Air              3
   Lightning Bolt                     Conjuration/Air              5
Carrion
 v - a giant gecko skeleton


   Skills:
 - Level 2.6 Dodging
 - Level 2.3 Stealth
 + Level 2.2 Spellcasting
 + Level 2.2 Conjurations
 + Level 5.2 Air Magic


You had one spell level left.
You knew the following spells:

 Your Spells              Type           Power        Failure   Level  Hunger
a - Shock                 Conj/Air       ###..        6%          1    #......
b - Static Discharge      Conj/Air       ###......    14%         3    ####...
c - Repel Missiles        Chrm/Air       ###.......   12%         2    ##.....


Dungeon Overview and Level Annotations

Branches:
Dungeon (3/27)

Altars:
Nemelex Xobeh

Annotations
D:3 Fruitarian's ghost, average TeMo


Innate Abilities, Weirdness & Mutations

You have a beak for a mouth.
You have claws for feet.


Message History

Fruitarian's ghost is moderately damaged.
Fruitarian's ghost barely misses you.
Casting: Shock
Confirm with . or Enter, or press ? or * to list all spells.
Aiming: Shock
Press: ? - help, Shift-Dir - straight line, f/p - Fruitarian's ghost
Aim: Fruitarian's ghost (moderately damaged)
The zap hits Fruitarian's ghost.
Fruitarian's ghost is heavily damaged.
Fruitarian's ghost barely misses you.
Casting: Shock
Confirm with . or Enter, or press ? or * to list all spells.
You miscast Static Discharge.
There is a short, sharp shower of sparks.
Fruitarian's ghost hits you!
* * * LOW HITPOINT WARNING * * *
Read which item? (? for menu, Esc to quit)
As you read the scroll of teleportation, it crumbles to dust.
You feel strangely unstable. Fruitarian's ghost hits you!
You die...

#(##.#.##.##.#.##
#.##.#.##..#.....
#(##.#.##..#.#.##
#(##.#.##..###.##
##(##.#..........'
.#...........###.##
#.#...........# #.#.
#.#p#.....#...# #.#.
#.#@#.....#<#.# #.#.
#.#.#.....#.#.###.#.
#.#.#.....#.#.....#.
#.........#.#.....#.
#...#######.......'.
#####........<#.......#.
#...................#.##
######.#....####....#.##
#.......................


You could see Fruitarian's ghost.

Vanquished Creatures
  A gnoll (D:3)
  An adder (D:2)
  A worm (D:3)
  2 oozes
  3 orcs (D:3)
  4 bats
  3 giant cockroaches
  9 hobgoblins
  3 quokkas
  2 ball pythons
  6 giant geckos
  4 giant newts
  9 goblins
  6 kobolds
  2 rats
56 creatures vanquished.

Notes
Turn   | Place    | Note
--------------------------------------------------------------
     0 | D:1      | Kigal, the Tengu Air Elementalist, began the quest for the Orb.
     0 | D:1      | Reached XP level 1. HP: 10/10 MP: 3/3
   197 | D:1      | Reached XP level 2. HP: 15/15 MP: 0/5
   803 | D:1      | Reached XP level 3. HP: 19/19 MP: 4/7
   865 | D:1      | Learned a level 3 spell: Static Discharge
  1804 | D:2      | Reached skill level 5 in Air Magic
  2059 | D:3      | Found a sparkling altar of Nemelex Xobeh.
  2101 | D:3      | Reached XP level 4. HP: 24/24 MP: 8/8
  2183 | D:3      | Learned a level 2 spell: Repel Missiles
  2674 | D:3      | Noticed Fruitarian's ghost (average TeMo)
  2747 | D:3      | Slain by Fruitarian's ghost

Action                   |  1- 3 |  4- 6 || total
-------------------------+-------+-------++-------
Melee: Mace              |    20 |       ||    20
       Dagger            |     6 |    20 ||    26
Throw: Dart              |     4 |    12 ||    16
 Cast: Shock             |    62 |    29 ||    91
       Static Discharge  |     1 |       ||     1
  Use: Scroll            |     2 |     2 ||     4
       Potion            |       |     2 ||     2
